 Seeded DCSS version 0.26.1-11-gd32895ea62 (webtiles) character file.

Game seed: 20210517 (custom seed)

17933 abrahamlauer the Cleaver (level 12, 0/106 HPs)
             Began as a Yellow Draconian Wanderer on May 17, 2021.
             Was a High Priest of Makhleb.
             Slain by Snorg (8 damage)
             ... on level 12 of the Dungeon on May 28, 2021.
             The game lasted 01:33:48 (13839 turns).

abrahamlauer the Cleaver (DrWn)                    Turns: 13839, Time: 01:33:50

Health: 0/106      AC: 14    Str: 15    XL:     12   Next: 23%
Magic:  21/21      EV: 16    Int: 14    God:    Makhleb [*****.]
Gold:   741        SH:  5    Dex: 14    Spells: 11/11 levels left

rFire    + + +     SeeInvis .   d - +12 hand axe "Beastslayer" {elec, rF+++ rC+ Will- Stlth+}
rCold    + . .     Faith    .   (no shield)
rNeg     . . .     Spirit   .   (armour unavailable)
rPois    .         Reflect  +   p - +0 hat
rElec    +         Harm     .   s - +2 cloak
rCorr    +         Rampage  .   (no gloves)
Will     .....                  k - +2 pair of boots
Stlth    ++++++....             y - amulet of reflection
HPRegen  0.27/turn              I - ring of Omurem {rElec MP+9 Stlth+}
MPRegen  0.17/turn              G - ring of willpower

@: no status effects
A: spit acid, unfitting armour, cold-blooded, acid resistance, AC +8
a: Breathe Acid, Renounce Religion, Minor Destruction, Lesser Servant of
Makhleb, Major Destruction, Greater Servant of Makhleb


You were on level 12 of the Dungeon.
You worshipped Makhleb.
Makhleb was extremely pleased with you.
You visited 1 branch of the dungeon, and saw 12 of its levels.
You also visited: Ossuary.

You collected 741 gold pieces.

Inventory:

Hand Weapons
 d - the +12 hand axe "Beastslayer" (weapon) {elec, rF+++ rC+ Will- Stlth+}
   (You found it on level 4 of the Dungeon)

   Occasionally, upon striking a foe, it can discharge electrical energy and
   cause terrible harm.
   It renders you almost immune to fire.
   It protects you from cold.
   It affects your willpower, your defense against some magical effects.
   It makes you more stealthy.
Missiles
 c - 4 boomerangs of dispersal
 h - 407 stones (quivered)
 r - 23 boomerangs
 t - 2 javelins
 x - 21 poisoned darts
 z - 10 silver boomerangs
Armour
 k - a +2 pair of boots (worn)
 p - a +0 hat (worn)
 s - a +2 cloak (worn)
Jewellery
 y - an amulet of reflection (around neck)
 G - a ring of willpower (right hand)
 I - the ring of Omurem (left hand) {rElec MP+9 Stlth+}
   (You took it off an orc warrior on level 8 of the Dungeon)

   [ring of stealth]

   It insulates you from electricity.
   It affects your magic capacity (+9).
   It makes you more stealthy.
Wands
 b - a wand of flame (12)
 o - a wand of polymorph (6)
 v - a wand of acid (9)
Scrolls
 g - 6 scrolls of remove curse
 i - 3 scrolls of fear
 j - 3 scrolls of amnesia
 l - 2 scrolls of magic mapping
 q - 5 scrolls of identify
 u - a scroll of fog {unknown}
 C - 12 scrolls of teleportation
 E - a scroll of silence {unknown}
 F - a scroll of blinking
Potions
 a - 2 potions of cancellation
 e - a potion of mutation {unknown}
 f - a potion of curing
 m - 2 potions of ambrosia
 n - 4 potions of brilliance
 w - 2 potions of magic
 A - a potion of degeneration {unknown}
 B - a potion of berserk rage
 D - a potion of flight
Miscellaneous
 J - a condenser vane (inert)


   Skills:
 + Level 10.0 Fighting
 * Level 11.5 Axes
 + Level 7.3 Throwing
 + Level 7.3 Dodging
 * Level 10.1 Stealth


You had 11 spell levels left.
You didn't know any spells.
Your spell library contained the following spells:

 Spells                   Type           Power        Failure   Level
 Summon Small Mammal      Summ           0%           28%         1
 Call Imp                 Summ           0%           41%         2
 Call Canine Familiar     Summ           0%           65%         3
 Confusing Touch          Hex            0%           65%         3
 Gell's Gravitas          Tloc           0%           65%         3
 Summon Guardian Golem    Hex/Summ       0%           65%         3
 Petrify                  Tmut/Erth      0%           96%         4
 Summon Ice Beast         Ice/Summ       0%           96%         4
 Summon Lightning Spire   Summ/Air       0%           96%         4
 Metabolic Englaciation   Hex/Ice        0%           100%        5
 Yara's Violent Unravell  Hex/Tmut       0%           100%        5


Dungeon Overview and Level Annotations

Branches:
Dungeon (12/15)            Temple (0/1) D:4            Lair (0/6) D:8
    Orc (0/2) D:11        Ossuary (visited)

Altars:
Cheibriados
Dithmenos
Gozag
Hepliaklqana
Kikubaaqudgha
Makhleb
Nemelex Xobeh
Qazlal
Sif Muna
Uskayaw
Wu Jian
Xom
Yredelemnul
Zin
The Shining One

Shops:
D:5 (

Annotations:
D:12 Snorg


Innate Abilities, Weirdness & Mutations

You can spit globs of acid.
Your golden yellow scales are hard. (AC +8)
You cannot fit into any form of body armour.
You are cold-blooded and may be slowed by cold attacks.
You are resistant to acid. (rCorr)


Message History

You closely miss Snorg.
Snorg is heavily wounded.
Snorg bites you! Snorg claws you! Snorg closely misses you.
Your hellwing hits Snorg! Your hellwing misses Snorg. You slash Snorg!
Snorg is severely wounded.
Snorg barely misses you. Snorg closely misses you. Snorg barely misses you.
You hit Snorg. Lightning courses through Snorg!!
Snorg is almost dead.
Snorg bites you!! Snorg claws you. Snorg claws you but does no damage.
Your hellwing barely misses Snorg.
Your hellwing closely misses Snorg.
You feel better. Snorg bites you! Snorg closely misses you. Snorg claws you.
* * * LOW HITPOINT WARNING * * *
Your hellwing hits Snorg! Your hellwing hits Snorg. Snorg barely misses you.
Snorg claws you but does no damage. Snorg claws you!!
* * * LOW HITPOINT WARNING * * *
You slash Snorg!
Snorg is almost dead.
Snorg completely misses you. Snorg misses you. Snorg claws you!
You die...

#......#######.....#
#......# ####.##
#......# ###.#
######## #...#
##.#### #.....#
#.....#
########.....#
#.(.4T@......#
.(..######.....# #
#.....# #.....#
#.....# #######


You could see Snorg (berserk) and a friendly hellwing (summoned).

Vanquished Creatures
  Gastronok (D:11)
  The ghost of Diggabert the Basher, a journeyman FoAK of Lugonu (D:10)
  A hydra (D:9)
  3 centaur warriors
  An unseen horror (D:8)
  Pikel (D:5)
  A wolf spider zombie (D:12)
  3 ugly things
  A cyclops (D:11)
  Psyche (D:9)
  A komodo dragon (D:10)
  The ghost of roflc0ptic the Insei, a novice OpTm of Sif Muna (D:5)
  4 trolls
  A hornet (D:8)
  A shadow (D:11)
  5 yaks (D:9)
  Eustachio (D:5)
  Grum (D:8)
  7 orc warriors
  2 ice beasts
  2 black bears
  A necrophage (D:9)
  8 sky beasts
  6 ogres
  2 wolves (D:8)
  9 centaurs
  Blork the orc (D:5)
  2 big kobolds
  5 bullfrogs
  A water moccasin zombie (D:9)
  A wyvern zombie (D:10)
  A water moccasin skeleton (D:6)
  4 scorpions
  8 killer bees
  9 wights
  3 howler monkeys
  5 centaur zombies
  2 bullfrog zombies
  3 jellies
  A quasit (D:8)
  A human zombie (Ossuary)
  4 hounds
  Crazy Yiuf (D:2)
  3 bullfrog skeletons
  11 orc priests
  2 gnoll shamans
  8 orc wizards
  A centaur skeleton (D:11)
  2 iguanas
  Natasha (D:2)
  11 worker ants
  A centaur simulacrum (D:9)
  An ogre zombie (Ossuary)
  2 hound skeletons
  7 mummies (Ossuary)
  9 gnolls
  6 adders
  3 shadow imps
  A white imp (D:10)
  2 ufetubi
  An ooze (D:2)
  4 adder zombies
  A worm (D:2)
  4 dart slugs
  6 leopard geckos
  45 orcs
  A ball python (D:1)
  2 giant cockroaches
  7 goblins
  6 hobgoblins
  13 jackals
  4 quokkas
  6 bats
  5 frilled lizards
  3 gnoll zombies (Ossuary)
  5 goblin zombies (Ossuary)
  4 hobgoblin zombies (Ossuary)
  17 kobolds
  A kobold zombie (Ossuary)
  A leopard gecko skeleton (D:9)
  6 quokka zombies
  10 rats
  3 rat zombies (Ossuary)
344 creatures vanquished.

Vanquished Creatures (collateral kills)
  A kobold demonologist (D:12)
  An ice beast (D:12)
  A sky beast (D:9)
  An ogre (D:9)
  A big kobold (D:12)
  An adder (D:12)
  5 kobolds (D:12)
11 creatures vanquished.

Grand Total: 355 creatures vanquished

Notes
Turn   | Place    | Note
-------+----------+-------------------------------------------
     0 | D:1      | abrahamlauer the Draconian Wanderer began the quest for the
                  | Orb.
     0 | D:1      | abrahamlauer set off with the following items: a +2 hand
                  | axe, a +0 mace, a potion of lignification, a +0 dagger
     0 | D:1      | Reached XP level 1. HP: 22/22 MP: 1/1
   186 | D:1      | Reached XP level 2. HP: 28/28 MP: 2/2
   538 | D:1      | Reached XP level 3. HP: 34/34 MP: 3/3
  1672 | D:2      | Reached XP level 4. HP: 41/41 MP: 4/4
  1711 | D:2      | Found a burning altar of Makhleb.
  1719 | D:2      | Reached skill level 5 in Fighting
  1736 | D:2      | Became a worshipper of Makhleb the Destroyer
  1816 | D:2      | Reached skill level 1 in Throwing
  2007 | D:2      | Reached skill level 1 in Dodging
  2100 | D:2      | Noticed Natasha
  2108 | D:2      | Killed Natasha
  2109 | D:2      | Reached XP level 5. HP: 40/48 MP: 5/5
  2247 | D:2      | Found a runed translucent door.
  2248 | D:2      | Noticed Crazy Yiuf
  2264 | D:2      | Killed Crazy Yiuf
  3195 | D:3      | Found a hide-covered altar of Uskayaw.
  3570 | D:4      | Reached skill level 4 in Axes
  3707 | D:4      | Found a shimmering altar of Xom.
  3840 | D:4      | Reached XP level 6. HP: 30/56 MP: 6/6
  4024 | D:4      | Got a brightly glowing hand axe
  4041 | D:4      | Found a staircase to the Ecumenical Temple.
  4184 | D:4      | Identified the +12 hand axe "Beastslayer" {elec, rF+++ rC+
                  | Will- Stlth+} (You found it on level 4 of the Dungeon)
  4375 | D:4      | Reached * piety under Makhleb
  4554 | D:4      | Found an opulent altar of Gozag.
  4816 | D:5      | Entered Level 5 of the Dungeon
  4816 | D:5      | Noticed Pikel
  4859 | D:5      | Found Azuwysek's Antique Weapon Shoppe.
  4898 | D:5      | Noticed Blork the orc
  4899 | D:5      | Noticed Eustachio
  4907 | D:5      | Killed Blork the orc
  4938 | D:5      | Killed Eustachio
  4939 | D:5      | Your scales start taking on a golden yellow colour.
  4939 | D:5      | Reached XP level 7. HP: 50/62 MP: 7/7
  4939 | D:5      | Gained mutation: You are resistant to acid. (rCorr) [Yellow
                  | Draconian growth]
  5017 | D:5      | Found a runed translucent gate.
  5017 | D:5      | Found a runed translucent gate.
  5017 | D:5      | Found a runed translucent gate.
  5023 | D:5      | Found an opulent altar of Gozag.
  5028 | D:5      | Noticed roflc0ptic's ghost (novice OpTm)
  5036 | D:5      | Noticed a troll
  5173 | D:5      | Killed Pikel
  5174 | D:5      | Reached skill level 5 in Axes
  5226 | D:5      | Reached XP level 8. HP: 70/70 MP: 8/8
  5260 | D:5      | Found an ornate altar of the Wu Jian Council.
  5331 | D:5      | Found a sand-covered staircase.
  5336 | Ossuary  | Entered an ossuary
  5552 | Ossuary  | Reached skill level 5 in Stealth
  5577 | Ossuary  | Reached skill level 6 in Axes
  5753 | Ossuary  | Reached ** piety under Makhleb
  6002 | D:5      | Found a hazy altar of Hepliaklqana.
  6007 | D:5      | Found a shadowy altar of Dithmenos.
  6202 | D:5      | Killed a troll
  6213 | D:5      | Killed roflc0ptic's ghost
  6214 | D:5      | Reached skill level 7 in Axes
  6377 | D:6      | Reached XP level 9. HP: 53/79 MP: 9/9
  6644 | D:6      | Reached *** piety under Makhleb
  7189 | D:7      | Found a glowing golden altar of the Shining One.
  7826 | D:7      | Reached skill level 8 in Axes
  8353 | D:7      | Reached skill level 5 in Throwing
  8415 | D:8      | Found a staircase to the Lair.
  8421 | D:8      | Reached skill level 5 in Dodging
  8486 | D:8      | Paralysed by a hornet for 2 turns
  8812 | D:8      | Found a sparkling altar of Nemelex Xobeh.
  8893 | D:8      | Noticed Grum
  8934 | D:8      | Killed Grum
  8935 | D:8      | Reached XP level 10. HP: 47/88 MP: 10/10
  9249 | D:8      | Found a shimmering blue altar of Sif Muna.
  9266 | D:8      | Found a stormy altar of Qazlal.
  9272 | D:8      | Reached **** piety under Makhleb
  9277 | D:8      | Found a basalt altar of Yredelemnul.
  9280 | D:8      | Found a glowing silver altar of Zin.
  9299 | D:8      | Identified the ring "Arauwual" {rF- rC+ Str-5 Int+9}
  9300 | D:8      | Identified the ring of Omurem {rElec MP+9 Stlth+}
  9438 | D:8      | Killed an unseen horror
  9439 | D:8      | Reached skill level 9 in Axes
  9676 | D:8      | Found a snail-covered altar of Cheibriados.
 10132 | D:9      | Noticed a centaur warrior
 10153 | D:9      | Killed a centaur warrior
 10207 | D:9      | Got a pitted iron ring
 10394 | D:9      | Found an ancient bone altar of Kikubaaqudgha.
 10722 | D:9      | Reached skill level 10 in Axes
 10725 | D:9      | Reached XP level 11. HP: 95/95 MP: 11/11
 10743 | D:9      | Noticed Psyche
 10847 | D:9      | Killed Psyche
 10896 | D:9      | Noticed a centaur warrior
 10900 | D:9      | Killed a centaur warrior
 10911 | D:9      | Identified the ring "Peholat" {+Blink Str-5 Int+2 Stlth-}
                  | (You found it on level 9 of the Dungeon)
 10946 | D:9      | Noticed a four-headed hydra
 11236 | D:9      | Killed a 17-headed hydra
 11481 | D:10     | Entered Level 10 of the Dungeon
 11680 | D:10     | Noticed a cyan ugly thing
 11692 | D:10     | Killed a cyan ugly thing
 12009 | D:10     | Found a runed translucent gate.
 12009 | D:10     | Found a runed translucent gate.
 12009 | D:10     | Found a runed translucent gate.
 12011 | D:10     | Noticed Diggabert's ghost (journeyman FoAK)
 12026 | D:10     | Killed Diggabert's ghost
 12236 | D:10     | Reached ***** piety under Makhleb
 12407 | D:11     | Noticed a centaur warrior
 12423 | D:11     | Killed a centaur warrior
 12424 | D:11     | Reached skill level 11 in Axes
 12475 | D:11     | Found a staircase to the Orcish Mines.
 12822 | D:11     | Noticed a brown ugly thing
 12831 | D:11     | Killed a brown ugly thing
 13131 | D:11     | Noticed a green ugly thing
 13147 | D:11     | Killed a green ugly thing
 13148 | D:11     | Reached XP level 12. HP: 98/106 MP: 12/12
 13256 | D:11     | Noticed Gastronok
 13274 | D:11     | Killed Gastronok
 13275 | D:11     | Reached skill level 10 in Fighting
 13275 | D:11     | Reached skill level 10 in Stealth
 13821 | D:12     | Noticed Snorg
 13839 | D:12     | Slain by Snorg

Illustrated notes

Levels and vault maps discovered:
D:1:      kennysheep_arrival_forest, layout_loops_ring, minmay_misc_feat_chi,
          minmay_misc_feat_rows
D:2:      layout_loops_ring, makhleb_blood_cavern_becter, kennysheep_nub,
          uniq_natasha, uniq_crazy_yiuf_cottage
D:3:      layout_loops_corners, lemuel_coloured_pillars_altar
D:4:      layout_basic, lemuel_doored_altar, minmay_temple_entry_junction,
          chequers_serial_rivers_micro_a, grunt_gozag_breadcrumbs
D:5:      layout_rooms, riverfiend_overflow_shadow_ancestor, enter_ossuary_2,
          ebering_ghost_gozag, basic_altar, serial_shops, shop, uniq_pikel,
          uniq_blork_the_orc, uniq_eustachio
D:6:      layout_cave_pools
D:7:      layout_gridville, tso_metal_star
D:8:      layout_loops_ring, cheibriados_altar_1,
          grunt_temple_overflow_cloverleaf, lemuel_crystal_altar,
          lair_entry_dummy, minmay_radiant, uniq_grum
D:9:      minmay_tri_box, layout_basic, lemuel_crystal_altar, uniq_psyche
D:10:     layout_long_grid, ebering_ghost_rock_garden
D:11:     layout_basic, orc_0_dummy, uniq_gastronok
D:12:     layout_roguey, minmay_lizard_king, uniq_sonja, uniq_snorg

Skill      XL: |  1  2  3  4  5  6  7  8  9 10 11 12 |
---------------+-------------------------------------+-----
Stealth        | 3 4 5 6 8 9 10 | 10.1
Fighting       | 5 6 7 8 9 10 | 10.0
Throwing       | 1 2 3 4 5 6 7 |  7.3
Dodging        | 1 2 3 4 5 6 7 |  7.3
Axes           | 4 5 7 8 10 11 | 11.5

Action                   |  1- 3 |  4- 6 |  7- 9 | 10-12 || total
-------------------------+-------+-------+-------+-------++-------
Melee: Hand axe          |    87 |   122 |   228 |   358 ||   795
       Tailslap          |     7 |    14 |    14 |    35 ||    70
Throw: Stone             |   120 |    91 |   192 |    40 ||   443
Invok: Lesser Servant of |       |       |     2 |     6 ||     8
       Minor Destruction |       |       |       |     1 ||     1
 Abil: Evoke Flight      |       |     1 |       |       ||     1
       Breathe Acid      |       |       |       |     1 ||     1
Evoke: Wand              |       |       |       |     2 ||     2
       Condenser vane    |       |       |       |     1 ||     1
  Use: Scroll            |     7 |     5 |     7 |     6 ||    25
       Potion            |       |     4 |     1 |    10 ||    15
 Stab: Sleeping          |       |       |    18 |    29 ||    47
       Distracted        |       |       |       |     2 ||     2
       Invisible         |       |       |       |     2 ||     2
Armor: Skin              |    33 |    25 |    64 |    98 ||   220
Dodge: Dodged            |    55 |    70 |    95 |   203 ||   423
Block: Other             |       |     7 |    43 |    63 ||   113
       Reflection        |       |       |     1 |     6 ||     7
